3L
KINGSTON TOWNSHIP LEGION @ BUCKHEAD BOWTIES
10/14/2032
 
TOP OF THE 1ST
Kingston Township Legion batting - Pitching for Buckhead Bowties : RHP Ron Manning
Pitching: RHP Ron Manning
Batting: RHB Juanito González 0-0: Ball
1-0: Ground out 5-3 (Groundball, 56S)
Batting: LHB Mike Gardner 0-0: Ground out 4-3 (Groundball, 34D)
Batting: RHB Ron Bernard 0-0: Called Strike
0-1: Ball
1-1: Foul Ball, location: 2F
1-2: Ball
2-2: Strikes out swinging
Top of the 1st over - 0 runs, 0 hits, 0 errors, 0 left on base; Kingston Township 0 - Buckhead 0
BOTTOM OF THE 1ST
Buckhead Bowties batting - Pitching for Kingston Township Legion : LHP Pete Rhue
Pitching: LHP Pete Rhue
Batting: RHB Gabriel Maldonado 0-0: Called Strike
0-1: Ball
1-1: Swinging Strike
1-2: Strikes out swinging
Batting: RHB Daniel McCoy 0-0: Ball
1-0: Called Strike
1-1: Ball
2-1: Swinging Strike
2-2: Strikes out looking
Batting: RHB Richard Jost 0-0: Ball
1-0: SOLO HOME RUN (Flyball, 9D), Distance : 378 ft
Batting: RHB Derek Bangert 0-0: Called Strike
0-1: SOLO HOME RUN (Flyball, 7D) (Inside the Park)
Batting: RHB Raúl Ruíz 0-0: Called Strike
0-1: Ball
1-1: Foul Ball, location: 2F
1-2: Strikes out swinging
Bottom of the 1st over - 2 runs, 2 hits, 0 errors, 0 left on base; Kingston Township 0 - Buckhead 2
TOP OF THE 2ND
Kingston Township Legion batting - Pitching for Buckhead Bowties : RHP Ron Manning
Batting: LHB Terrence Eler 0-0: Fly out, F6 (Popup, 6MS)
Batting: RHB EP Weston 0-0: Ball
1-0: Ball
2-0: Ball
3-0: Swinging Strike
3-1: Base on Balls
Batting: RHB Scott Robertson 0-0: Ball
1-0: Called Strike
1-1: Grounds into double play, 4-6-3 (Groundball, 4)
Top of the 2nd over - 0 runs, 0 hits, 0 errors, 0 left on base; Kingston Township 0 - Buckhead 2
BOTTOM OF THE 2ND
Buckhead Bowties batting - Pitching for Kingston Township Legion : LHP Pete Rhue
Batting: LHB Yu-zeng Si 0-0: Ball
1-0: Called Strike
1-1: Called Strike
1-2: Ball
2-2: Strikes out swinging
Batting: LHB José Valéncia 0-0: Called Strike
0-1: Ball
1-1: Foul Ball, location: 2F
1-2: Fly out, F5 (Line Drive, 56)
Batting: RHB Kevin Baxter 0-0: Foul Ball, location: 2F
0-1: Ball
1-1: Swinging Strike
1-2: Ball
2-2: Fly out, F9 (Flyball, 9LD)
Bottom of the 2nd over - 0 runs, 0 hits, 0 errors, 0 left on base; Kingston Township 0 - Buckhead 2
TOP OF THE 3RD
Kingston Township Legion batting - Pitching for Buckhead Bowties : RHP Ron Manning
Batting: RHB Júlio Rodríguez 0-0: Called Strike
0-1: Called Strike
0-2: Fly out, F3 (Popup, 34S)
Batting: RHB José Icaza 0-0: Ball
1-0: Fly out, F9 (Flyball, 9)
Batting: LHB Ruben Yim 0-0: Ball
1-0: Fly out, F8 (Flyball, 8RD)
Top of the 3rd over - 0 runs, 0 hits, 0 errors, 0 left on base; Kingston Township 0 - Buckhead 2
BOTTOM OF THE 3RD
Buckhead Bowties batting - Pitching for Kingston Township Legion : LHP Pete Rhue
Batting: RHB John Downing 0-0: SINGLE (Line Drive, 78S)
Batting: RHB Gabriel Maldonado 0-0: Ball
1-0: Ball
2-0: Called Strike
2-1: Ball
3-1: Base on Balls
John Downing to second
Batting: RHB Daniel McCoy 0-0: Called Strike
0-1: Swinging Strike
0-2: Foul Ball, location: 2F
0-2: Ball
1-2: Strikes out swinging
Batting: RHB Richard Jost 0-0: Foul Ball, location: 2F
0-1: Ball
1-1: Grounds into double play, 4-6-3 (Groundball, 34)
Bottom of the 3rd over - 0 runs, 1 hit, 0 errors, 1 left on base; Kingston Township 0 - Buckhead 2
TOP OF THE 4TH
Kingston Township Legion batting - Pitching for Buckhead Bowties : RHP Ron Manning
Batting: RHB Juanito González 0-0: Ball
1-0: Called Strike
1-1: Ball
2-1: Called Strike
2-2: Strikes out swinging
Batting: LHB Mike Gardner 0-0: Called Strike
0-1: Ball
1-1: Ball
2-1: Foul Ball, location: 2F
2-2: Foul Ball, location: 2F
2-2: SINGLE (Groundball, 34D)
Batting: RHB Ron Bernard 0-0: Ball
1-0: Foul Ball, location: 2F
1-1: Foul Ball, location: 2F
1-2: Strikes out swinging
Batting: LHB Terrence Eler 0-0: Fly out, F6 (Line Drive, 6M)
Top of the 4th over - 0 runs, 1 hit, 0 errors, 1 left on base; Kingston Township 0 - Buckhead 2
BOTTOM OF THE 4TH
Buckhead Bowties batting - Pitching for Kingston Township Legion : LHP Pete Rhue
Batting: RHB Derek Bangert 0-0: Fly out, F8 (Flyball, 8RD)
Batting: RHB Raúl Ruíz 0-0: Ball
1-0: Called Strike
1-1: Ball
2-1: Foul Ball, location: 2F
2-2: Ball
3-2: Strikes out swinging
Batting: LHB Yu-zeng Si 0-0: Ball
1-0: Called Strike
1-1: Ball
2-1: Foul Ball, location: 2F
2-2: Ball
3-2: Strikes out swinging
Bottom of the 4th over - 0 runs, 0 hits, 0 errors, 0 left on base; Kingston Township 0 - Buckhead 2
TOP OF THE 5TH
Kingston Township Legion batting - Pitching for Buckhead Bowties : RHP Ron Manning
Batting: RHB EP Weston 0-0: Called Strike
0-1: Foul Ball, location: 2F
0-2: Foul Ball, location: 2F
0-2: Foul Ball, location: 2F
0-2: Foul Ball, location: 2F
0-2: Ball
1-2: Strikes out swinging
Batting: RHB Scott Robertson 0-0: Ball
1-0: Called Strike
1-1: Ball
2-1: Called Strike
2-2: Ball
3-2: Base on Balls
Batting: RHB Júlio Rodríguez 0-0: Ball
1-0: Swinging Strike
1-1: Swinging Strike
1-2: Strikes out swinging
Batting: RHB José Icaza 0-0: Swinging Strike
0-1: Foul Ball, location: 2F
0-2: SINGLE (Line Drive, 6D)
Scott Robertson to second
Batting: LHB Ruben Yim 0-0: Foul Ball, location: 2F
0-1: Ball
1-1: SINGLE (Line Drive, 34D)
Scott Robertson to third
José Icaza to second
Batting: RHB Juanito González 0-0: SINGLE (Popup, 6MD)
Scott Robertson scores
José Icaza to third
Ruben Yim to second
Batting: LHB Mike Gardner 0-0: Swinging Strike
0-1: Ball
1-1: Foul Ball, location: 2F
1-2: Ball
2-2: Foul Ball, location: 2F
2-2: Strikes out swinging
Top of the 5th over - 1 run, 3 hits, 0 errors, 3 left on base; Kingston Township 1 - Buckhead 2
BOTTOM OF THE 5TH
Buckhead Bowties batting - Pitching for Kingston Township Legion : LHP Pete Rhue
Batting: LHB José Valéncia 0-0: Called Strike
0-1: Ground out 4-3 (Groundball, 4)
Batting: RHB Kevin Baxter 0-0: Swinging Strike
0-1: Fly out, F7 (Flyball, 7LMF)
Batting: RHB John Downing 0-0: Called Strike
0-1: Called Strike
0-2: Ball
1-2: Ball
2-2: Ball
3-2: Foul Ball, location: 2F
3-2: Foul Ball, location: 2F
3-2: Strikes out swinging
Bottom of the 5th over - 0 runs, 0 hits, 0 errors, 0 left on base; Kingston Township 1 - Buckhead 2
TOP OF THE 6TH
Kingston Township Legion batting - Pitching for Buckhead Bowties : RHP Ron Manning
Batting: RHB Ron Bernard 0-0: Ball
1-0: Ball
2-0: Ball
3-0: Called Strike
3-1: Base on Balls
Batting: LHB Terrence Eler 0-0: Swinging Strike
0-1: Called Strike
0-2: Ball
1-2: Ball
2-2: Hit by Pitch
Ron Bernard to second
Batting: RHB EP Weston 0-0: Ball
1-0: Ball
2-0: Ball
3-0: Called Strike
3-1: Foul Ball, location: 2F
3-2: Strikes out swinging
Ron Bernard is caught stealing 3rd base
Batter strikes out.
Terrence Eler to second
Batting: RHB Scott Robertson 0-0: Ball
1-0: Swinging Strike
1-1: Ball
2-1: Foul Ball, location: 2F
2-2: Ground out 1-3 (Groundball, 13)
Top of the 6th over - 0 runs, 0 hits, 0 errors, 1 left on base; Kingston Township 1 - Buckhead 2
BOTTOM OF THE 6TH
Buckhead Bowties batting - Pitching for Kingston Township Legion : LHP Pete Rhue
Batting: RHB Gabriel Maldonado 0-0: Foul Ball, location: 2F
0-1: Ball
1-1: Fly out, F8 (Flyball, 8LXD)
Batting: RHB Daniel McCoy 0-0: Ball
1-0: Ball
2-0: Ball
3-0: Base on Balls
Batting: RHB Richard Jost 0-0: Called Strike
0-1: Ball
1-1: Foul Ball, location: 2F
1-2: Reached on error, E9 (Line Drive, 9)
Daniel McCoy to second
Batting: RHB Derek Bangert 0-0: Ball
1-0: Foul Ball, location: 2F
1-1: Foul Ball, location: 2F
1-2: Foul Ball, location: 2F
1-2: Foul Ball, location: 2F
1-2: Strikes out swinging
Batting: RHB Raúl Ruíz 0-0: SINGLE (Groundball, 56) (infield hit)
Daniel McCoy to third
Richard Jost to second
Batting: LHB Yu-zeng Si 0-0: Ball
1-0: SINGLE (Groundball, 4D)
Daniel McCoy scores
Richard Jost to third
Raúl Ruíz to second
Runner from 3rd tries for Home, SAFE, no throw
Batting: LHB José Valéncia 0-0: Ball
1-0: SINGLE (Line Drive, 4MD)
Raúl Ruíz to third
Yu-zeng Si to second
Runner from 3rd tries for Home, SAFE, no throw
Batting: RHB Kevin Baxter 0-0: Fielders Choice at 2nd, 6-4 (Groundball, 6)
Bottom of the 6th over - 3 runs, 3 hits, 1 error, 2 left on base; Kingston Township 1 - Buckhead 5
TOP OF THE 7TH
Kingston Township Legion batting - Pitching for Buckhead Bowties : RHP Ron Manning
Batting: RHB Júlio Rodríguez 0-0: Foul Ball, location: 2F
0-1: Ground out 4-3 (Groundball, 34)
Batting: RHB José Icaza 0-0: Foul Ball, location: 2F
0-1: Fly out, F6 (Popup, 6S)
Batting: LHB Ruben Yim 0-0: Ball
1-0: Called Strike
1-1: Called Strike
1-2: Ball
2-2: Strikes out swinging
Top of the 7th over - 0 runs, 0 hits, 0 errors, 0 left on base; Kingston Township 1 - Buckhead 5
BOTTOM OF THE 7TH
Buckhead Bowties batting - Pitching for Kingston Township Legion : LHP Pete Rhue
Batting: RHB John Downing 0-0: Ball
1-0: Ball
2-0: Ball
3-0: Called Strike
3-1: Called Strike
3-2: Base on Balls
Batting: RHB Gabriel Maldonado 0-0: Foul Ball, location: 2F
0-1: Ball
1-1: Ball
2-1: Swinging Strike
2-2: Strikes out looking
Batting: RHB Daniel McCoy 0-0: Ball
1-0: Foul Ball, location: 2F
1-1: Ball
2-1: Ball
3-1: Foul Ball, location: 2F
3-2: Grounds into double play, 6-4-3 (Groundball, 6M)
Bottom of the 7th over - 0 runs, 0 hits, 0 errors, 0 left on base; Kingston Township 1 - Buckhead 5
TOP OF THE 8TH
Kingston Township Legion batting - Pitching for Buckhead Bowties : RHP Ron Manning
Batting: RHB Juanito González 0-0: Ball
1-0: Called Strike
1-1: Ground out 5-3 (Groundball, 56S)
Batting: LHB Mike Gardner 0-0: Called Strike
0-1: Ball
1-1: Fly out, F7 (Flyball, 7S)
Batting: RHB Ron Bernard 0-0: Ball
1-0: Foul Ball, location: 2F
1-1: Ball
2-1: Foul Ball, location: 2F
2-2: SOLO HOME RUN (Flyball, 9LD), Distance : 366 ft
Batting: LHB Terrence Eler 0-0: Ball
1-0: Ball
2-0: Swinging Strike
2-1: Ball
3-1: Base on Balls
Pitching: RHP Tomás Vargas
Batting: RHB EP Weston 0-0: Ball
1-0: Foul Ball, location: 2F
1-1: Called Strike
1-2: Strikes out swinging
Top of the 8th over - 1 run, 1 hit, 0 errors, 1 left on base; Kingston Township 2 - Buckhead 5
BOTTOM OF THE 8TH
Buckhead Bowties batting - Pitching for Kingston Township Legion : LHP Pete Rhue
Batting: RHB Richard Jost 0-0: Ball
1-0: Ball
2-0: Ball
3-0: Called Strike
3-1: Base on Balls
Pitching: RHP Yosuke Takahashi
Batting: RHB Derek Bangert 0-0: Called Strike
0-1: Called Strike
0-2: Fly out, F9 (Line Drive, 9S)
Batting: RHB Raúl Ruíz 0-0: Ball
1-0: Grounds into double play, 6-4-3 (Groundball, 6)
Bottom of the 8th over - 0 runs, 0 hits, 0 errors, 0 left on base; Kingston Township 2 - Buckhead 5
TOP OF THE 9TH
Kingston Township Legion batting - Pitching for Buckhead Bowties : RHP Tomás Vargas
Batting: RHB Scott Robertson 0-0: Swinging Strike
0-1: Ball
1-1: Swinging Strike
1-2: Ball
2-2: Strikes out looking
Batting: RHB Júlio Rodríguez 0-0: Ball
1-0: Ball
2-0: Called Strike
2-1: Fly out, F9 (Flyball, 89S)
Batting: RHB José Icaza 0-0: Foul Ball, location: 2F
0-1: Ball
1-1: Foul Ball, location: 2F
1-2: Foul Ball, location: 2F
1-2: Ball
2-2: Ball
3-2: Ground out 5-3 (Groundball, 5)
Top of the 9th over - 0 runs, 0 hits, 0 errors, 0 left on base; Kingston Township 2 - Buckhead 5
Wednesday, September 19th, 2018 - OOTP Baseball 18.8 Build 76